 Dungeon Crawl Stone Soup version 0.28.0-45-g0d030f2227 (webtiles) character file.

Game seed: 18317484601821492294

1041 protoss039 the Skirmisher (level 8, -2/51 HPs)
             Began as a Gargoyle Monk on Apr 11, 2022.
             Was a Priest of Okawaru.
             Slain by an ogre
             ... wielding a +0 giant club
              (13 damage)
             ... on level 5 of the Dungeon.
             The game lasted 00:09:00 (7068 turns).

protoss039 the Skirmisher (Gargoyle Monk)           Turns: 7068, Time: 00:09:01

Health: -2/51      AC: 17    Str: 17    XL:     8   Next: 25%
Magic:  11/11      EV:  8    Int: 11    God:    Okawaru [***...]
Gold:   163        SH:  0    Dex: 12    Spells: 7/7 levels left

rFire   + . .      SeeInvis .   a - +0 mace
rCold   . . .      Faith    .   (no shield)
rNeg    + . .      Spirit   .   r - +0 chain mail
rPois   ∞          Reflect  .   (no helmet)
rElec   +          Harm     .   B - +1 cloak
rCorr   .          Rampage  .   (no gloves)
Will    +....                   (no boots)
Stlth   ..........              (no amulet)
HPRegen 0.17/turn               g - ring of protection from fire
MPRegen 0.12/turn               s - ring of willpower

@: no status effects
A: sickness immunity, AC +5, negative energy resistance 1, electricity
resistance, torment resistance 1, petrification resistance
a: Renounce Religion, Heroism


You were on level 5 of the Dungeon.
You worshipped Okawaru.
Okawaru was most pleased with you.
You visited 2 branches of the dungeon, and saw 6 of its levels.
You also visited: Ossuary.

You collected 163 gold pieces.

Inventory:

Hand Weapons
 a - a +0 mace (weapon)
 h - a +0 war axe
Armour
 r - a +0 chain mail (worn)
 B - a +1 cloak (worn)
Jewellery
 g - a ring of protection from fire (left hand)
 s - a ring of willpower (right hand)
Scrolls
 c - a scroll of identify
 e - 3 scrolls of teleportation
 f - 2 scrolls of magic mapping
 i - 3 scrolls of blinking
 j - 3 scrolls of fog
 k - 2 scrolls of noise {unknown}
 p - a scroll of amnesia {unknown}
 v - 2 scrolls of summoning {unknown}
 w - 2 scrolls of vulnerability {unknown}
 y - 2 scrolls of enchant armour {unknown}
Potions
 b - a potion of resistance {unknown}
 d - a potion of lignification {unknown}
 m - 4 potions of attraction
 n - a potion of mutation {unknown}
 o - 2 potions of flight
 q - a potion of brilliance {unknown}
 t - 3 potions of haste {unknown}
 u - 2 potions of curing
 x - 2 potions of heal wounds {unknown}
 z - a potion of cancellation {unknown}
 A - a potion of degeneration {unknown}


   Skills:
 + Level 6.0 Fighting
 + Level 5.5 Maces & Flails
 + Level 4.5 Armour
 - Level 3.0 Dodging
 - Level 3.0 Stealth
 * Level 4.3 Invocations


You had 7 spell levels left.
You didn't know any spells.
Your spell library was empty.

Dungeon Overview and Level Annotations

Branches:
Dungeon (5/15)             Temple (1/1) D:4         Ossuary (visited)

Altars:
Ashenzari
Cheibriados
Dithmenos
Elyvilon
Fedhas
Gozag
Hepliaklqana
Kikubaaqudgha
Makhleb
Nemelex Xobeh
Okawaru
Qazlal
Sif Muna
Trog
Uskayaw
Vehumet
Wu Jian
Xom
Yredelemnul
Zin
The Shining One

Shops:
D:3 *

Annotations:
D:3 Sigmund


Innate Abilities, Weirdness & Mutations

You are immune to sickness and miasma.
Your stone body is resilient. (AC +5)
You are immune to poison.
You resist negative energy. (rN+)
You are resistant to electric shocks. (rElec)
You are resistant to unholy torment.
You are immune to petrification.


Message History

The ogre hits you with a +0 giant club.
Unknown command.
You barely miss the ogre.
The ogre is lightly wounded.
The ogre hits you with a +0 giant club!
Unknown command.
You hit the ogre.
The ogre is lightly wounded.
The ogre hits you with a +0 giant club!
Unknown command.
You hit the ogre.
The ogre is moderately wounded.
The ogre completely misses you.
Unknown command.
You barely miss the ogre.
The ogre is moderately wounded.
Unknown command.
You hit the ogre but do no damage.
The ogre is moderately wounded.
The ogre barely misses you.
Unknown command.
You barely miss the ogre.
The ogre is moderately wounded.
The ogre barely misses you.
Unknown command.
Unknown command.
You hit the ogre.
The ogre is moderately wounded.
The ogre hits you with a +0 giant club!
* * * LOW HITPOINT WARNING * * *
You hit the ogre.
The ogre is heavily wounded.
The ogre closely misses you.
You barely miss the ogre.
The ogre is heavily wounded.
The ogre barely misses you.
You sock the ogre!
The ogre is severely wounded.
The ogre hits you with a +0 giant club!
You die...

#.# #.# ### ### #.# #..
... #.# #.# #.# #.# #.#
#.# #####.####.###.###.#
# #.................†.
#.###.###.###...##.###.#
#.....O@..##.....#.###.#
#####.#######...##......
#.# ##.######### #.# #.#
# #.# #.# # #.# ##+## #
#.# ##...## #
#####.######.....## #
##.##.....##.......## ##


You could see an ogre.

Vanquished Creatures
  A water moccasin (D:5)
  A black bear (D:5)
  2 sky beasts (D:5)
  A centaur (D:5)
  Blork the orc (D:5)
  2 scorpions
  A centaur skeleton (D:5)
  2 iguanas (D:5)
  12 mummies (Ossuary)
  4 gnolls (D:4)
  4 adders
  An adder skeleton (D:4)
  4 dart slugs
  An orc (D:2)
  13 endoplasms
  3 giant cockroaches
  6 goblins
  4 hobgoblins
  A jackal (D:5)
  4 quokkas
  8 ball pythons
  4 bats
  2 frilled lizards
  4 gnoll skeletons (Ossuary)
  2 goblin skeletons (Ossuary)
  8 kobolds
  2 kobold skeletons (Ossuary)
  2 rats (D:1)
  11 rat skeletons (Ossuary)
111 creatures vanquished.

Notes
Turn   | Place    | Note
-------+----------+-------------------------------------------
     0 | D:1      | protoss039 the Gargoyle Monk began the quest for the Orb.
     0 | D:1      | Reached XP level 1. HP: 14/14 MP: 1/1
   419 | D:1      | Reached XP level 2. HP: 19/19 MP: 2/2
  1154 | D:2      | Reached XP level 3. HP: 23/23 MP: 3/3
  2211 | D:3      | Noticed Sigmund
  2318 | D:3      | Reached XP level 4. HP: 28/29 MP: 4/4
  2521 | D:3      | Found Luott's General Store.
  2578 | D:4      | Noticed a scorpion
  2599 | D:4      | Killed a scorpion
  2600 | D:4      | Reached skill level 4 in Fighting
  2600 | D:4      | Reached skill level 1 in Armour
  2600 | D:4      | Reached XP level 5. HP: 26/33 MP: 5/5
  2758 | D:4      | Found a staircase to the Ecumenical Temple.
  2767 | Temple   | Entered the Ecumenical Temple
  3007 | Temple   | Became a worshipper of Warmaster Okawaru
  3007 | Temple   | Reached * piety under Okawaru
  3007 | Temple   | Reached ** piety under Okawaru
  3107 | D:4      | Found a sand-covered staircase.
  3114 | Ossuary  | Entered an ossuary
  3617 | Ossuary  | Reached XP level 6. HP: 25/39 MP: 6/6
  4587 | Ossuary  | Reached skill level 5 in Fighting
  5277 | D:5      | Entered Level 5 of the Dungeon
  5281 | D:5      | Noticed a black bear
  5289 | D:5      | Killed a black bear
  5290 | D:5      | Reached skill level 1 in Invocations
  5290 | D:5      | Reached XP level 7. HP: 27/44 MP: 6/8
  5982 | D:5      | Reached skill level 5 in Maces & Flails
  6188 | D:5      | Reached *** piety under Okawaru
  6770 | D:5      | Reached XP level 8. HP: 51/51 MP: 10/10
  6864 | D:5      | Noticed Blork the orc
  6882 | D:5      | Killed Blork the orc
  6883 | D:5      | Reached skill level 6 in Fighting
  7068 | D:5      | Slain by an ogre

Illustrated notes

Levels and vault maps discovered:
D:1:      ebering_trefoil_twist, layout_rooms
D:2:      layout_loops_cross
D:3:      layout_rooms, serial_shops, shop, ebering_ecumenical_altar_webs,
          uniq_sigmund
D:4:      layout_cave_pools, temple_statues, chequers_ossuary_entry_cave,
          serial_forest, infiniplex_forest_end_3, infiniplex_forest_lined_3_way,
          infiniplex_forest_3_way, infiniplex_forest_end_double,
          infiniplex_forest_straight_4, infiniplex_forest_clump_tiny,
          infiniplex_forest_straight_4
D:5:      layout_loops_corners, kennysheep_generic_room_10, uniq_blork_the_orc
Temple:   mainiacjoe_temple_hex_bubbles

Skill      XL: |  1  2  3  4  5  6  7  8 |
---------------+-------------------------+-----
Stealth        | 3 |  3.0
Dodging        | 3 |  3.0
Fighting       | 4 5 6 |  6.0
Armour         | 1 2 3 4 |  4.5
Maces & Flails | 4 5 |  5.5
Invocations    | 1 3 4 |  4.3

Action                   |  1- 3 |  4- 6 |  7- 9 || total
-------------------------+-------+-------+-------++-------
Melee: Mace              |   133 |   225 |   155 ||   513
       Punch             |       |     5 |     3 ||     8
       War axe           |       |     1 |       ||     1
  Use: Scroll            |       |     7 |     1 ||     8
       Potion            |       |       |     1 ||     1
 Stab: Sleeping          |     5 |     1 |       ||     6
Armor: Robe              |    19 |       |       ||    19
       Ring mail         |    39 |     4 |       ||    43
       Chain mail        |       |    94 |   133 ||   227
Dodge: Dodged            |   101 |    72 |    79 ||   252
